 Dungeon Crawl Stone Soup version 0.31.0-11-ge490571c62 (webtiles) character file.

Game seed: 5152163619023809475

235687 sanka the Brawler (level 19, -2/189 HPs)
             Began as a Troll Monk on Jan 31, 2024.
             Was the Champion of the Shining One.
             Killed from afar by a fire giant (17 damage)
             ... with a bolt of fire
             ... on level 3 of the Depths.
             The game lasted 01:09:42 (27383 turns).

sanka the Brawler (Troll Monk)                     Turns: 27383, Time: 01:09:43

Health: -2/189     AC: 33    Str: 24    XL:     19   Next: 25%
Magic:  27/27      EV:  5    Int:  6    God:    the Shining One [******]
Gold:   739        SH: 15    Dex: 18    Spells: 18/18 levels left

rFire   + .          .
                       - Unarmed
rCold   + . .        M - +2 kite shield
rNeg    + + +        k - +1 gold dragon scales
rPois   +            (helmet restricted)
rElec   .            B - +2 cloak
rCorr   .            (gloves unavailable)
SInv    .            (boots unavailable)
Will    +....        y - amulet of the acrobat Stlth
                     q - +4 ring of protection
HPRegen 1.31/turn    H - +4 ring of protection
MPRegen 0.20/turn

%: acrobat
@: slowed, glowing, studying 2 skills, very slow
A: large, unfitting armour, claws 3, regeneration 1, shaggy fur 1, tough skin 1
a: Renounce Religion, Divine Shield, Cleansing Flame, Summon Divine Warrior,
Brand Weapon With Holy Wrath


You were on level 3 of the Depths.
You worshipped the Shining One.
The Shining One was exalted by your worship.
You visited 2 branches of the dungeon, and saw 19 of its levels.
You visited the Abyss 1 time.

You collected 2366 gold pieces.
You spent 1627 gold pieces at shops.


Innate Abilities, Weirdness & Mutations

You are too large for most types of armour.
You have claws for hands.
Your natural rate of healing is unusually fast.
You are covered in fur. (AC +1)
You have tough skin. (AC +1)


   Skills:
 + Level 12.2 Fighting
 + Level 12.0 Armour
 - Level 7.7 Dodging
 + Level 12.2 Shields
 * Level 20.3 Unarmed Combat
 - Level 12.0 Invocations
 - Level 7.7 Shapeshifting


You had 18 spell levels left.
You didn't know any spells.
Your spell library contained the following spells:

 Spells                   Type           Power      Damage    Failure   Level
 Kiss of Death            Conj/Necr      0%         2d5       100%        1
 Magic Dart               Conj           0%         1d3       100%        1
 Summon Small Mammal      Summ           0%         N/A       100%        1
 Blink                    Tloc           0%         N/A       100%        2
 Call Imp                 Summ           0%         N/A       100%        2
 Cigotuvi's Dreadful Rot  Necr/Alch/Air  0%         N/A       100%        2
 Mercury Vapours          Alch/Air       0%         N/A       100%        2
 Sublimation of Blood     Necr           0%         N/A       100%        2
 Call Canine Familiar     Summ           0%         N/A       100%        3
 Confusing Touch          Hex            0%         N/A       100%        3
 Dazzling Flash           Conj/Hex       0%         N/A       100%        3
 Mephitic Cloud           Conj/Alch/Air  0%         N/A       100%        3
 Summon Ice Beast         Ice/Summ       0%         N/A       100%        3
 Dispel Undead            Necr           0%         3d6       100%        4
 Ignite Poison            Fire/Alch      0%         N/A       100%        4
 Martyr's Knell           Necr/Summ      0%         N/A       100%        4
 Sticky Flame             Fire/Alch      0%         2d4       100%        4
 Summon Blazeheart Golem  Fire/Summ      0%         N/A       100%        4
 Vhi's Electric Charge    Tloc/Air       0%         N/A       100%        4
 Arcjolt                  Conj/Air       0%         1d10      100%        5
 Curse of Agony           Necr           0%         N/A       100%        5
 Freezing Cloud           Conj/Ice/Air   0%         6-21      100%        5
 Silence                  Hex/Air        0%         N/A       100%        5
 Summon Mana Viper        Hex/Summ       0%         N/A       100%        5
 Death Channel            Necr           0%         N/A       100%        6
 Monstrous Menagerie      Summ           0%         N/A       100%        7
 Orb of Destruction       Conj           0%         9d5       100%        7
 Spellforged Servitor     Conj/Summ      0%         N/A       100%        7
 Summon Hydra             Summ           0%         N/A       100%        7
 Ignition                 Fire           0%         3d3       100%        8
 Maxwell's Capacitive Co  Air            0%         ∞         100%        8

Inventory:

Hand Weapons
 b - a +4 scimitar of flaming
Missiles
 c - a throwing net {=f}
 F - 85 large rocks {=f}
Armour
 k - +1 gold dragon scales (worn)
 B - a +2 cloak (worn)
 M - a +2 kite shield (worn)
 P - a scarf of resistance
Jewellery
 h - a +5 ring of evasion
 j - the ring of Zousosid {rC+ rCorr Int+6}

   [ring of intelligence]

   Int+6:     It affects your intelligence (+6).
   rC+:       It protects you from cold.
   rCorr:     It protects you from acid and corrosion.
 m - the amulet of the Air {Inacc Air Fly rElec RMsl}

   [amulet of nothing]

   Inacc:     It reduces the accuracy of your attacks and spells.
   Air:       It enhances your air magic.
   rElec:     It insulates you from electricity.
   Fly:       It grants you flight.
   RMsl:      It protects you from missiles.
 q - a +4 ring of protection (left claw)
 y - an amulet of the acrobat (around neck)
 G - a +5 ring of evasion
 H - a +4 ring of protection (right claw)
 J - a ring of poison resistance
 K - a ring of resist corrosion
 Q - the ring "Qeiniof" {rElec MP+9 Str+2 Int-5 SInv}

   [ring of magical power]

   Str+2:     It affects your strength (+2).
   Int-5:     It affects your intelligence (-5).
   rElec:     It insulates you from electricity.
   MP+9:      It affects your magic capacity (+9).
   SInv:      It lets you see invisible.
 R - an amulet of regeneration
Wands
 v - a wand of iceblast (26)
 x - a wand of light (11)
 z - a wand of polymorph (9)
 I - a wand of mindburst (28)
 L - a wand of flame (7)
 N - a wand of charming (9)
Scrolls
 e - 5 scrolls of identify {@r1}
 i - 5 scrolls of poison {!r}
 n - 3 scrolls of blinking
 p - 7 scrolls of teleportation {@r4}
 s - 7 scrolls of fear
 t - 6 scrolls of fog
 u - 3 scrolls of vulnerability {!r}
 w - 2 scrolls of revelation
 D - 3 scrolls of immolation {!r}
Potions
 a - 3 potions of ambrosia
 d - 3 potions of might
 f - 5 potions of attraction {!q}
 g - 7 potions of curing {@q1}
 l - 3 potions of berserk rage {!q}
 o - 3 potions of mutation {!q}
 r - 4 potions of lignification {!q}
 A - 3 potions of resistance
 O - 2 potions of degeneration {unknown}
 S - a potion of enlightenment
Miscellaneous
 E - a lightning rod (4/4)

Dungeon Overview and Level Annotations

Branches:
Dungeon (15/15)            Temple (0/1) D:7            Lair (0/5) D:9
    Orc (0/2) D:10         Vaults (0/5) D:14         Depths (4/4) D:15
    Zot: Depths:4

Altars:
Elyvilon
Gozag
Hepliaklqana
Kikubaaqudgha
Makhleb
Nemelex Xobeh
Okawaru
Qazlal
Trog
Wu Jian
Xom
Yredelemnul
Zin
The Shining One

Shops:
D:2 ?   D:7 *   D:8 =   D:9 *   D:10 ([   D:12 [   Depths:2 :==

Portals:
Hell: Depths:1 Depths:2 Depths:3
Abyss: Depths:1 Depths:3
Pandemonium: Depths:2 Depths:3
Ziggurat: Depths:4
Trove: D:14 (give 4 scrolls of blinking)

Annotations:
D:9 exclusion: downstairs
D:10 exclusion: downstairs
D:14 exclusion: downstairs

......▒.....▒............<.....▒.
....▒.▒.▒....▒................▒▒.
....▒..........).............▒..[
▒▒..▒.▒.▒.▒...▒..▒▒....▒....▒▒...
.▒..▒.▒......................▒...
'▒..▒.▒▒▒...▒.▒▒▒..|.▒....▒▒.▒...
.▒..▒.....▒...▒▒....▒.....▒▒.▒▒▒▒
▒▒..▒▒▒▒▒▒▒.▒..l...▒......'..▒...
.▒.............CT.▒▒▒.....▒▒▒▒.▒▒
▒▒†.)▒▒▒▒.▒▒▒..▒÷▒▒ ▒.....▒ ▒.▒▒
∩▒..▒▒▒ ▒▒▒ ▒▒▒▒▒▒ ▒▒▒▒▒▒▒ ▒.▒▒
▒▒....▒ ▒.▒▒ ▒....▒▒ ▒.▒▒ .....▒
▒.▒▒ ▒....▒ ▒.▒▒ ▒▒...▒ ▒.▒
.▒...▒ ▒.▒


You could see a fire giant and a death drake.


Message History

The foul vapour engulfs you!
* * * LOW HITPOINT WARNING * * *
There is a stone staircase leading up, spattered with blood here.
You eviscerate the death drake!!!
The death drake is heavily wounded.
You are engulfed in dark miasma.
You are more poisoned.
* * * LOW HITPOINT WARNING * * *
* * * LOW HITPOINT WARNING * * *
You feel extremely sick.
The death drake bites you but does no damage.
Unknown command.
You are engulfed in dark miasma.
* * * LOW HITPOINT WARNING * * *
* * * LOW HITPOINT WARNING * * *
You feel extremely sick.
The death drake bites you but does no damage.
You block the fire giant's attack. You block the death drake's attack.
You block the fire giant's attack.
You climb upwards.
* * * LOW HITPOINT WARNING * * *
You feel extremely sick.
There is a stone staircase leading down, spattered with blood here.
Unknown command.
The death drake bites you but does no damage.
The fire giant casts a spell at you. The bolt of fire hits you! You resist.
You die...

Action                     |  1- 3 |  4- 6 |  7- 9 | 10-12 | 13-15 | 16-18 | 19-21 || total
---------------------------+-------+-------+-------+-------+-------+-------+-------++-------
  Melee: Unarmed           |    63 |   104 |   206 |   573 |   757 |  1287 |   159 ||  3149
         Scimitar          |       |       |       |       |     5 |       |       ||     5
 Invoke: Divine Shield     |       |       |       |       |    17 |    29 |     4 ||    50
         Summon Divine War |       |       |       |       |       |     7 |     1 ||     8
    Use: Scroll            |       |       |       |    20 |     5 |     2 |       ||    27
         Potion            |       |       |       |       |     8 |     5 |     1 ||    14
 Armour: Robe              |    41 |    59 |    92 |   300 |   128 |       |       ||   620
         Steam dragon scal |       |       |    21 |       |       |       |       ||    21
         Skin              |       |       |     5 |       |       |       |       ||     5
         Gold dragon scale |       |       |       |       |   431 |  1082 |   163 ||  1676
  Dodge: Dodged            |    27 |    49 |   104 |   484 |   278 |   245 |    30 ||  1217
  Block: Kite shield       |       |       |       |   120 |   684 |  1133 |   180 ||  2117

Levels and vault maps discovered:
D:1:      hellmonk_arrival_library, layout_basic
D:2:      layout_basic, serial_shops, nicolae_shop_window_shopping
D:3:      layout_basic, elyvilon_altar_5, tso_oasis_becter
D:4:      layout_rooms
D:5:      layout_loops_cross, mainiacjoe_overflow_concentric_impassable,
          mainiacjoe_overflow_cross_hatched, nicolae_overflow_hidden_temple,
          kennysheep_generic_room_13, uniq_ijyb, uniq_grinder, uniq_pikel
D:6:      layout_loops_ring, grunt_temple_overflow_opulence,
          mainiacjoe_overflow_alcove_2, lightli_corner_chamber,
          uniq_crazy_yiuf_cottage
D:7:      layout_loops_ring, mainiacjoe_overflow_boulevard, zin_purify,
          minmay_temple_entry_glassed_door, serial_bayou_lagoon_a
D:8:      minmay_bubble_buster, layout_cave_pods, serial_shops,
          nicolae_shop_gaudy_bauble, uniq_grum, uniq_jeremiah
D:9:      layout_long_grid, mainiacjoe_overflow_brackets, david_lair_generic,
          serial_shops, shop, nzn_life_drinkers, uniq_erolcha, uniq_psyche
D:10:     layout_loops_ring, minmay_overflow_temple_star_quad, orc_david_3,
          chequers_serial_rivers_room_a, dreamdust_gnoll_shepherd, uniq_erica
D:11:     layout_cave_pods
D:12:     layout_stronghold, serial_shops, nicolae_shop_crystal
D:13:     layout_basic, minmay_crystal_box, uniq_josephine
D:14:     layout_stronghold, skrybe_vaults_entry_preservation,
          trove_entry_hex_spiral, minmay_misc_feat_ornament
D:15:     gammafunk_depths_entry_grave, layout_loops_ring, grunt_qazlal_clouds
Depths:1: minmay_the_grid_3x3 [minmay_the_grid_broken_lines,
          minmay_the_grid_outer_circle, minmay_the_grid_minigrid_small_alt,
          minmay_the_grid_small_cups, minmay_the_grid_outer_diamond,
          minmay_the_grid_diamond_grid, minmay_the_grid_odd_star,
          minmay_the_grid_minigrid_large,
          minmay_the_grid_prize_four_corners_diamond_b], layout_cave_pools,
          hangedman_coc_ice_floe, abyss_entry, chequers_big_river, kb_rosetta
Depths:2: regret_index_infernal_bastille, layout_honeycomb,
          rand_demon_pan_entry_9, pf_hell_entry_tar_spiral,
          serial_bayou_shore_b, serial_bayou_shore_b,
          infiniplex_staircase_pillars_2, minmay_shop_grove, uniq_saint_roka
Depths:3: lemuel_vampire_tower, layout_basic, grunt_hell_entry_dis_grunt,
          rand_demon_pan_entry_4, abyss_entry, serial_bayou_shore_b
Depths:4: lemuel_castle_with_subvaults [lemuel_castle_interior_carwin_1],
          layout_basic, enter_ziggurat_f, hangedman_decor_clover_reticule,
          hellmouth_2

Notes
Turn   | Place    | Note
-------+----------+-------------------------------------------
     0 | D:1      | sanka the Troll Monk began the quest for the Orb.
     0 | D:1      | Reached XP level 1. HP: 22/22 MP: 0/0
   110 | D:1      | Reached XP level 2. HP: 28/29 MP: 1/1
   463 | D:1      | Reached skill level 3 in Fighting
   466 | D:1      | Reached XP level 3. HP: 36/37 MP: 2/2
   730 | D:2      | Found Imoemug's Magic Scroll Boutique.
   872 | D:2      | Reached skill level 4 in Unarmed Combat
  1072 | D:2      | Reached XP level 4. HP: 26/45 MP: 3/3
  1694 | D:3      | Found a glowing golden altar of the Shining One.
  1736 | D:3      | Found a white marble altar of Elyvilon.
  1973 | D:3      | Became a worshipper of the Shining One
  1973 | D:3      | Reached * piety under the Shining One
  1973 | D:3      | Reached ** piety under the Shining One
  2030 | D:4      | Reached skill level 5 in Unarmed Combat
  2036 | D:4      | Reached XP level 5. HP: 53/53 MP: 4/4
  2041 | D:4      | Identified the +1 ring mail of Loss {+Inv Will- Dex+5}
  2214 | D:4      | Reached skill level 6 in Unarmed Combat
  2419 | D:4      | Reached XP level 6. HP: 61/61 MP: 5/5
  2478 | D:5      | Entered Level 5 of the Dungeon
  2483 | D:5      | Noticed Ijyb
  2492 | D:5      | Killed Ijyb
  2493 | D:5      | Reached skill level 7 in Unarmed Combat
  2543 | D:5      | Found a shimmering altar of Xom.
  2578 | D:5      | Reached XP level 7. HP: 63/67 MP: 6/6
  2591 | D:5      | Found a bloodstained altar of Trog.
  2606 | D:5      | Reached skill level 8 in Unarmed Combat
  2651 | D:5      | Reached skill level 9 in Unarmed Combat
  2785 | D:5      | Noticed Pikel
  2806 | D:5      | Killed Pikel
  2807 | D:5      | Reached skill level 10 in Unarmed Combat
  2807 | D:5      | Reached skill level 1 in Shapeshifting
  2807 | D:5      | Reached XP level 8. HP: 65/75 MP: 7/7
  2842 | D:5      | Reached skill level 3 in Dodging
  2861 | D:5      | Noticed Grinder
  2868 | D:5      | Paralysed by Grinder for 3 turns
  2877 | D:5      | Killed Grinder
  2878 | D:5      | Reached skill level 2 in Shapeshifting
  2999 | D:5      | Reached *** piety under the Shining One
  3002 | D:5      | Reached skill level 4 in Fighting
  3352 | D:6      | Reached skill level 3 in Shapeshifting
  3473 | D:6      | Reached skill level 4 in Dodging
  3473 | D:6      | Reached XP level 9. HP: 83/85 MP: 8/8
  3768 | D:6      | Found a runed translucent door.
  3769 | D:6      | Noticed Crazy Yiuf
  3937 | D:6      | Found an opulent altar of Gozag.
  3937 | D:6      | Found a sparkling altar of Nemelex Xobeh.
  4068 | D:6      | Found a burning altar of Makhleb.
  4173 | D:6      | Killed Crazy Yiuf
  4254 | D:5      | Found an iron altar of Okawaru.
  4315 | D:7      | Found a staircase to the Ecumenical Temple.
  4483 | D:7      | Found a stormy altar of Qazlal.
  4513 | D:7      | Reached skill level 4 in Shapeshifting
  4608 | D:7      | Found Zin's Purification Station.
  4610 | D:7      | Found a glowing silver altar of Zin.
  4739 | D:7      | Identified +0 steam dragon scales
  4740 | D:7      | Reached skill level 5 in Fighting
  4740 | D:7      | Reached skill level 1 in Invocations
  4754 | D:7      | HP: 4/88 [electric eel/bolt of electricity (11)]
  5273 | D:8      | Identified the +2 robe "Lozuokaa" {Will+ rCorr Int+3}
  5340 | D:8      | Reached skill level 5 in Dodging
  5340 | D:8      | Reached skill level 2 in Invocations
  5672 | D:8      | Noticed Grum
  5678 | D:8      | Reached XP level 10. HP: 96/96 MP: 10/10
  5699 | D:8      | Found Dorchuh's Jewellery Shoppe.
  5766 | D:8      | Noticed Jeremiah
  5772 | D:8      | Reached skill level 11 in Unarmed Combat
  5791 | D:8      | Killed Grum
  5903 | D:8      | Killed Jeremiah
  5904 | D:8      | Reached skill level 5 in Shapeshifting
  6322 | D:2      | Bought a scroll of identify for 26 gold pieces
  6322 | D:2      | Bought a scroll of teleportation for 39 gold pieces
  6322 | D:2      | Bought a scroll of fear for 52 gold pieces
  6322 | D:2      | Bought a scroll of poison for 52 gold pieces
  6490 | D:9      | Reached **** piety under the Shining One
  6528 | D:9      | Noticed Erolcha
  6545 | Abyss:2  | Cast into level 2 of the Abyss (Erolcha)
  6579 | Abyss:2  | Reached skill level 3 in Invocations
  6584 | Abyss:2  | Noticed a thrashing horror
  6588 | Abyss:2  | Noticed a thrashing horror
  6589 | D:9      | Escaped the Abyss
  6637 | D:9      | Killed Erolcha
  6642 | D:9      | Identified +0 steam dragon scales
  6643 | D:9      | Reached skill level 6 in Fighting
  6711 | D:9      | Noticed a centaur warrior
  6765 | D:9      | Killed a centaur warrior
  6988 | D:9      | Noticed Psyche
  6993 | D:9      | HP: 9/98 [Psyche/puff of flame (9)]
  6994 | D:10     | Entered Level 10 of the Dungeon
  7131 | D:10     | Reached skill level 12 in Unarmed Combat
  7131 | D:10     | Reached skill level 4 in Invocations
  7150 | D:9      | Reached skill level 6 in Dodging
  7161 | D:9      | Killed Psyche
  7162 | D:9      | Reached XP level 11. HP: 106/106 MP: 13/13
  7175 | D:9      | Reached ***** piety under the Shining One
  7203 | D:9      | Found a staircase to the Lair.
  7337 | D:9      | Reached skill level 6 in Shapeshifting
  7371 | D:9      | Found an ornate altar of the Wu Jian Council.
  7398 | D:9      | Found Hosk's General Store.
  7598 | D:9      | Noticed a two-headed ogre
  7607 | D:9      | Killed a two-headed ogre
  8090 | D:10     | Found Zeoff's Weapon Shoppe.
  8117 | D:10     | Found a staircase to the Orcish Mines.
  8119 | D:10     | Found Pead Fum's Armour Shoppe.
  8317 | D:10     | Noticed Erica
  8332 | D:10     | Killed Erica
  8503 | D:10     | Reached skill level 5 in Invocations
  8570 | D:10     | Found an ancient bone altar of Kikubaaqudgha.
  8576 | D:10     | Found a basalt altar of Yredelemnul.
  8580 | D:10     | Found a hazy altar of Hepliaklqana.
  8809 | D:11     | Reached skill level 1 in Shields
  8873 | D:11     | Noticed a boulder beetle
  8898 | D:11     | Killed a boulder beetle
  8899 | D:11     | Reached skill level 2 in Shields
  8979 | D:11     | Reached skill level 3 in Shields
  9032 | D:11     | Identified 3 potions of resistance
  9297 | D:11     | Reached skill level 4 in Shields
  9352 | D:11     | Noticed a two-headed ogre
  9363 | D:11     | Killed a two-headed ogre
  9364 | D:11     | Reached skill level 5 in Shields
  9465 | D:11     | Reached XP level 12. HP: 115/115 MP: 14/14
  9878 | D:12     | Noticed a two-headed ogre
  9887 | D:12     | Killed a two-headed ogre
  9932 | D:12     | Reached skill level 6 in Invocations
 10215 | D:12     | Found Venocs's Armour Emporium.
 10416 | D:13     | Noticed a tengu warrior
 10424 | D:13     | Killed a tengu warrior
 10425 | D:13     | Reached skill level 7 in Invocations
 10549 | D:13     | Identified a scarf of resistance
 10633 | D:13     | Noticed Josephine
 10639 | D:13     | Killed Josephine
 10640 | D:13     | Reached skill level 8 in Invocations
 10819 | D:13     | Identified the +1 cloak of Mysticism {rPois rC- Slay+3}
 10856 | D:13     | Found a runed translucent door.
 10858 | D:13     | Found the amulet of the Air {Inacc Air Fly rElec RMsl}
 10945 | D:13     | Reached skill level 9 in Invocations
 11175 | D:13     | Noticed a centaur warrior
 11186 | D:13     | Killed a centaur warrior
 11187 | D:13     | Reached skill level 10 in Invocations
 11474 | D:14     | Found a portal to a secret trove of treasure.
 11643 | D:14     | Reached skill level 7 in Fighting
 11836 | D:14     | Reached skill level 13 in Unarmed Combat
 11994 | D:14     | Noticed a boulder beetle
 11994 | D:14     | Reached ****** piety under the Shining One
 12001 | D:14     | Killed a boulder beetle
 12007 | D:14     | Reached XP level 13. HP: 82/124 MP: 19/19
 12235 | D:14     | Reached skill level 6 in Shields
 12242 | D:14     | Reached skill level 7 in Dodging
 12507 | D:14     | Found a gate to the Vaults.
 12507 | D:14     | Noticed an ironbound preserver
 12524 | D:14     | Reached skill level 7 in Shapeshifting
 12530 | D:14     | Killed an ironbound preserver
 12609 | D:15     | Entered Level 15 of the Dungeon
 13601 | D:15     | Reached skill level 14 in Unarmed Combat
 13777 | D:15     | Found a staircase to the Depths.
 13911 | D:15     | Found a stormy altar of Qazlal.
 13971 | D:15     | Identified +0 gold dragon scales
 14084 | D:15     | Reached skill level 1 in Armour
 14084 | D:15     | Reached XP level 14. HP: 121/135 MP: 21/21
 14097 | D:15     | Reached skill level 2 in Armour
 14478 | D:13     | Reached skill level 3 in Armour
 14850 | D:13     | Identified the +3 whip "Osauca" {flame, *Slow rC++ Dex+8
                  | SInv}
 14855 | D:13     | Identified a potion of experience
 14856 | D:13     | Reached skill level 6 in Armour
 14856 | D:13     | Reached XP level 15. HP: 143/143 MP: 22/22
 14987 | Depths:1 | Entered Level 1 of the Depths
 14991 | Depths:1 | Noticed a lich
 14992 | Depths:1 | Noticed a fire giant
 15008 | D:15     | Killed a fire giant
 15090 | D:15     | Reached skill level 7 in Armour
 15180 | D:15     | Killed a lich
 15238 | D:15     | Reached skill level 8 in Fighting
 15238 | D:15     | Reached skill level 7 in Shields
 15352 | D:15     | Reached skill level 11 in Invocations
 15772 | Depths:1 | HP: 12/143 [ettin/+0 great mace (19)]
 15775 | Depths:1 | HP: 4/143 [ettin/+0 great mace (17)]
 15939 | Depths:1 | Reached skill level 8 in Armour
 16308 | Depths:1 | Noticed a frost giant
 16337 | D:15     | Killed a frost giant
 16567 | Depths:1 | Noticed a golden dragon
 16669 | D:14     | Reached skill level 15 in Unarmed Combat
 17026 | Depths:1 | Noticed a sphinx
 17149 | D:15     | Killed a golden dragon
 17491 | D:8      | Bought a +4 ring of protection for 468 gold pieces
 17710 | D:15     | Reached skill level 8 in Shields
 17724 | D:15     | Paralysed by a sphinx for 4 turns
 17729 | D:15     | Killed a sphinx
 17730 | D:15     | Reached XP level 16. HP: 73/154 MP: 23/23
 17847 | D:15     | Identified +0 ice dragon scales
 18059 | Depths:1 | Found a gateway to Hell.
 18113 | Depths:1 | Reached skill level 9 in Fighting
 18124 | Depths:1 | Identified the +5 quarterstaff "Rexation" {chaos, rPois
                  | Int+3}
 18124 | Depths:1 | Identified the ring "Wevveid" {^Contam Int+2 Dex+3 SInv}
 18154 | Depths:1 | Identified the +8 longbow "Ucwuesiq" {drain, rElec rPois
                  | rC+ Will+}
 18523 | Depths:2 | Noticed a sphinx
 18533 | Depths:2 | Killed a sphinx
 18544 | Depths:2 | Reached skill level 16 in Unarmed Combat
 18705 | Depths:2 | Reached skill level 9 in Armour
 18722 | Depths:2 | Reached skill level 12 in Invocations
 18829 | Depths:2 | Identified +0 fire dragon scales
 18840 | Depths:2 | HP: 8/156 [spriggan berserker/+0 rapier (36)]
 18956 | Depths:2 | Identified +0 ice dragon scales
 18957 | Depths:2 | Reached skill level 9 in Shields
 19089 | Depths:1 | Found a one-way gate to the infinite horrors of the Abyss.
 19093 | Depths:1 | Noticed a golden dragon
 19308 | Depths:1 | Killed a golden dragon
 20032 | Depths:2 | Identified the +6 morningstar of the Eel {chaos, rPois rN+
                  | Will+ SInv}
 20193 | Depths:2 | Reached skill level 17 in Unarmed Combat
 20193 | Depths:2 | Reached XP level 17. HP: 144/165 MP: 25/25
 20196 | Depths:2 | Noticed Saint Roka
 20221 | Depths:2 | Killed Saint Roka
 20222 | Depths:2 | Reached skill level 10 in Fighting
 20419 | Depths:2 | HP: 10/166 [tengu reaver/bolt of acid (19)]
 20661 | Depths:2 | Identified the ring of Zousosid {rC+ rCorr Int+6}
 20702 | Depths:2 | Noticed a juggernaut
 20721 | Depths:2 | Killed a juggernaut
 20722 | Depths:2 | Reached skill level 10 in Armour
 20730 | Depths:2 | Noticed a juggernaut
 20761 | Depths:2 | Killed a juggernaut
 20942 | Depths:2 | Identified +0 fire dragon scales
 21101 | Depths:1 | Reached skill level 10 in Shields
 21273 | Depths:2 | Found a one-way gate leading to the halls of Pandemonium.
 21632 | Depths:2 | Noticed a juggernaut
 21662 | Depths:2 | Killed a juggernaut
 21759 | Depths:2 | Found a faded altar of an unknown god.
 21778 | Depths:2 | Noticed a dread lich
 21779 | Depths:2 | Noticed a Hell Sentinel
 21798 | Depths:2 | Paralysed by a dread lich for 3 turns
 21800 | Depths:2 | Noticed a Hell Sentinel
 21803 | Depths:2 | Killed a dread lich
 21804 | Depths:2 | Reached skill level 18 in Unarmed Combat
 21861 | Depths:2 | Identified the +7 war axe of Dieplez {spect, rC+ rN+ Str+4}
 21879 | Depths:2 | Noticed a dread lich
 21881 | Depths:2 | Paralysed by a dread lich for 3 turns
 22253 | Depths:2 | Found Woeri's Book Shop.
 22253 | Depths:2 | Found Zoipoe's Jewellery Emporium.
 22264 | Depths:2 | Found Jaal's Jewellery Emporium.
 22406 | Depths:2 | Bought the ring "Qeiniof" {rElec MP+9 Str+2 Int-5 SInv} for
                  | 510 gold pieces
 22406 | Depths:2 | Bought an amulet of regeneration for 480 gold pieces
 22680 | Depths:2 | Noticed a Tzitzimitl
 22684 | Depths:2 | Paralysed by a dread lich for 5 turns
 22694 | Depths:2 | Noticed a Hell Sentinel
 22696 | Depths:2 | HP: 15/159 [???[a dread lich] (7)]
 22697 | Depths:2 | Noticed a Hell Sentinel
 22698 | Depths:2 | Killed a dread lich
 22884 | Depths:2 | Found a faded altar of an unknown god.
 23244 | Depths:2 | Found a one-way gate leading to the halls of Pandemonium.
 23789 | Depths:3 | Noticed a lich
 23809 | Depths:3 | Killed a lich
 23876 | Depths:3 | Reached skill level 11 in Fighting
 23985 | Depths:3 | Reached XP level 18. HP: 178/179 MP: 26/26
 24300 | Depths:3 | Reached skill level 11 in Shields
 24425 | Depths:3 | Reached skill level 11 in Armour
 24599 | Depths:3 | Reached skill level 19 in Unarmed Combat
 25281 | Depths:3 | Identified +0 fire dragon scales
 25542 | Depths:3 | Noticed a doom hound
 25556 | Depths:3 | Killed a doom hound
 25560 | Depths:3 | Noticed a Tzitzimitl
 25563 | Depths:3 | Killed a Tzitzimitl
 25918 | Depths:3 | Noticed a lich
 25923 | Depths:3 | Noticed Jory
 25931 | Depths:3 | Killed a lich
 25943 | Depths:3 | Killed Jory
 25966 | Depths:3 | Found an ancient bone altar of Kikubaaqudgha.
 26244 | Depths:4 | Entered Level 4 of the Depths
 26396 | Depths:4 | Noticed a tentacled monstrosity
 26482 | Depths:3 | Killed a tentacled monstrosity
 26621 | Depths:3 | Reached XP level 19. HP: 189/189 MP: 27/27
 26632 | Depths:4 | Reached skill level 12 in Fighting
 26663 | Depths:3 | Reached skill level 20 in Unarmed Combat
 26737 | Depths:4 | Reached skill level 12 in Shields
 27048 | Depths:4 | Found a one-way gateway to a ziggurat.
 27131 | Depths:4 | Identified quicksilver dragon scales
 27140 | Depths:4 | Identified +0 ice dragon scales
 27369 | Depths:4 | Identified +0 fire dragon scales
 27370 | Depths:4 | Reached skill level 12 in Armour
 27381 | Depths:4 | HP: 13/189 [poisoned by a death drake (dark miasma)]
 27382 | Depths:3 | HP: 4/189 [poisoned by a death drake (dark miasma)]
 27383 | Depths:3 | Killed from afar by a fire giant

Vanquished Creatures
  A dread lich (Depths:2)
  3 juggernauts (Depths:2)
  Saint Roka (Depths:2)
  2 golden dragons
  Jory (Depths:3)
  A doom hound (Depths:3)
  A tentacled monstrosity (Depths:3)
  3 liches
  2 sphinxes
  A quicksilver dragon (Depths:4)
  A storm dragon (Depths:3)
  2 shadow dragons
  3 tengu reavers
  7 frost giants
  13 fire giants
  2 iron dragons
  2 spectral juggernauts (Depths:3)
  2 spectral caustic shrikes (Depths:3)
  A spriggan defender (Depths:2)
  An ironbound preserver (D:14)
  A reaper (Depths:2)
  15 stone giants
  14 very ugly things
  A vampire knight (Depths:3)
  A black draconian (Depths:4)
  2 deep elf death magi (Depths:3)
  3 spark wasps
  2 crystal guardians (D:13)
  7 ettins
  A spectral golden dragon (Depths:3)
  4 jiangshi (Depths:3)
  12 fire dragons
  Josephine (D:13)
  A spriggan zombie (Depths:2)
  A hydra (D:15)
  Erolcha (D:9)
  A hell beast (Depths:2)
  7 ice dragons
  3 rakshasas
  Erica (D:10)
  A sphinx zombie (D:15)
  6 centaur warriors
  A spriggan air mage (Depths:2)
  2 boulder beetles
  A juggernaut simulacrum (Depths:3)
  5 vampire magi
  4 two-headed ogres
  10 spriggan berserkers
  5 tengu warriors
  5 deep troll shamans
  15 deep troll earth magi
  2 occultists
  A sun demon (Depths:3)
  10 hell knights
  5 skeletal warriors
  5 orc high priests (Depths:2)
  5 soul eaters
  A shadow wraith (Depths:2)
  A sixfirhy (Depths:2)
  7 iron trolls
  A spectral spark wasp (Depths:3)
  2 quicksilver dragon simulacra (Depths:3)
  10 deep trolls
  3 flayed ghosts
  2 glowing orange brains
  A spark wasp zombie (D:15)
  An arcanist (D:13)
  An orange crystal statue (D:13)
  Pikel (D:5)
  A tengu zombie (Depths:3)
  39 ugly things
  3 deep elf pyromancers
  A sphinx simulacrum (Depths:3)
  7 necromancers
  4 orc knights
  4 phantasmal warriors (Depths:3)
  A fire giant zombie (Depths:3)
  A shadow dragon skeleton (Depths:3)
  An orc sorcerer (D:14)
  6 cyclopes
  6 manticores
  An elephant (D:9)
  An iron dragon skeleton (Depths:3)
  2 smoke demons (Depths:4)
  An elephant (shapeshifter) (Depths:3)
  A titan simulacrum (Depths:3)
  A black mamba (shapeshifter) (Depths:1)
  A cane toad (shapeshifter) (D:15)
  Jeremiah (D:8)
  A gargoyle (D:12)
  A tormentor (Depths:3)
  3 freezing wraiths (Depths:2)
  2 unseen horrors
  Psyche (D:9)
  3 tengu conjurers
  A golden dragon simulacrum (Depths:3)
  3 trolls
  Grinder (D:5)
  A hornet (D:9)
  3 dream sheep (D:10)
  2 glass eyes
  6 slime creatures (D:13)
  A vampire (D:9)
  5 water elementals (Depths:1)
  A spriggan skeleton (D:15)
  5 wraiths
  2 humans (shapeshifter)
  A wyvern (D:9)
  14 yaks
  3 basilisks
  Grum (D:8)
  7 vampire mosquitoes (D:11)
  A warg (D:14)
  3 steam dragons
  A redback (shapeshifter) (Depths:1)
  A water moccasin (D:7)
  13 orc warriors
  An ice beast (D:7)
  3 sky beasts (D:8)
  2 laughing skulls (Depths:3)
  A black bear (D:5)
  4 boggarts (D:14)
  4 wolves (D:8)
  7 centaurs
  2 lemures (D:5)
  2 phantoms (D:5)
  A kobold brigand (D:6)
  2 weeping skulls (Abyss:2)
  2 bullfrogs (D:8)
  A gnoll sergeant (D:9)
  6 scorpions
  27 wights
  12 killer bees
  2 howler monkeys (D:10)
  An electric eel (D:7)
  A bombardier beetle (D:4)
  Crazy Yiuf (D:6)
  3 hounds
  10 orc priests
  3 jellies
  3 sleepcaps
  2 gnoll boudas
  Ijyb (D:5)
  14 orc wizards
  4 iguanas
  10 gnolls
  3 adders
  A shadow imp (D:5)
  A white imp (D:5)
  A dart slug (D:2)
  3 ribbon worms
  38 orcs
  4 bats
  6 endoplasms
  4 giant cockroaches
  3 goblins
  8 hobgoblins
  4 jackals (D:1)
  12 kobolds
  3 quokkas
  6 ball pythons
  2 frilled lizards (D:1)
  3 rats
647 creatures vanquished.

Vanquished Creatures (collateral kills)
  A dread lich (Depths:2)
  A Tzitzimitl (Depths:3)
  A quicksilver dragon (Depths:4)
  A revenant (Depths:3)
  3 fire giants
  A reaper (Depths:3)
  A vampire knight (Depths:3)
  A putrid mouth (Depths:3)
  A jiangshi (Depths:3)
  2 fire dragons (Depths:2)
  A hell beast (Depths:3)
  A spriggan zombie (Depths:2)
  2 deep troll earth magi (Depths:2)
  A deep troll shaman (Depths:2)
  2 spriggan berserkers (Depths:2)
  A vampire mage (Depths:3)
  A spriggan (Depths:2)
  3 hell knights (Depths:3)
  A shadow wraith (Depths:3)
  An iron troll (Depths:2)
  A flayed ghost (Depths:3)
  2 deep trolls (Depths:2)
  3 necromancers (Depths:3)
  A frost giant zombie (Depths:3)
  An ugly thing (Depths:2)
  A freezing wraith (Depths:3)
  A golden dragon simulacrum (Depths:3)
  A hornet (Depths:2)
  A frost giant simulacrum (Depths:3)
39 creatures vanquished.

Vanquished Creatures (others)
  A fire dragon (Depths:2)
1 creature vanquished.

Grand Total: 687 creatures vanquished
